 Dungeon Crawl Stone Soup version 0.14-a0-2359-g1e808ab (webtiles) character file.

1505 Elizilla the Protected (level 9, -2/56 HPs)
             Began as a Formicid Fighter on Jan 31, 2014.
             Was a Believer of Okawaru.
             Slain by a wight
             ... wielding a cursed +0,+2 war axe of electrocution
              (16 damage)
             ... on Level 6 of the Dungeon.
             The game lasted 00:14:51 (3488 turns).

Elizilla the Protected (Formicid Fighter)           Turns: 3488, Time: 00:14:51

HP  -2/56        AC 16     Str 24      XL: 9   Next: 15%
MP   9/9         EV  5     Int 12      God: Okawaru [**....]
Gold 159         SH 20     Dex 11      Spells:  0 memorised,  8 levels left

rFire  . . .     SeeInvis +     a - +1,+2 hand axe
rCold  . . .     Clarity  .     t - +0 plate armour
rNeg   . . .     Conserve .     c - +0 shield
rPois  x         rCorr    .     (helmet unavailable)
rElec  .         rRot     .     u - +0 cloak
SustAb . .       Spirit   .     (no gloves)
rMut   .         Warding  .     (no boots)
Saprov . . .     Stasis   +     (no amulet)
MR     .....                    A - +5 ring of intelligence
                                p - +1 ring of evasion

@: not resistant to hostile enchantments, extremely unstealthy
A: permanent stasis, dig shafts and tunnels, four strong arms, poison weakness,
antennae 3, exoskeleton 1
a: Dig, Shaft Self, Heroism, Renounce Religion


You were on level 6 of the Dungeon.
You worshipped Okawaru.
Okawaru was pleased with you.
You were hungry.

You visited 2 branches of the dungeon, and saw 7 of its levels.

You collected 159 gold pieces.

Inventory:

Hand weapons
 a - a +1,+2 hand axe (weapon)
 b - a +0,+0 sling
 h - a +0,+0 spear
 C - the +4,+5 dagger of the Vestibule of Hell {stab, *Rage Dex+1}
   (You found it on level 6 of the Dungeon)

   It inflicts extra damage upon your enemies.
   It affects your dexterity (+1).
   It may make you go berserk in combat.
Missiles
 w - 45 sling bullets
 y - 44 stones (quivered)
Armour
 c - a +0 shield (worn)
 r - a +0 scale mail
 t - a +0 plate armour (worn)
 u - a +0 cloak (worn)
 E - the -6 robe "Cero Cogh" {+Blink rC+ Dex+4 Dam+4}
   (You found it on level 4 of the Dungeon)

   It affects your dexterity (+4).
   It affects your damage with ranged weapons and melee attacks (+4).
   It protects you from cold.
   It lets you blink.
Comestibles
 d - 4 bread rations
 e - 3 meat rations
 j - a honeycomb
Scrolls
 f - 2 scrolls of magic mapping {unknown}
 i - 3 scrolls of remove curse
 k - 3 scrolls of immolation {unknown}
 l - a scroll of teleportation {unknown}
 q - 2 scrolls of identify
 v - a scroll of fear {unknown}
 B - a scroll of recharging {unknown}
Jewellery
 p - a +1 ring of evasion (left hand)
 A - a +5 ring of intelligence (right hand)
Potions
 g - a potion of speed {unknown}
 m - 4 potions of curing {unknown}
 o - a potion of might {unknown}
 s - a potion of resistance {unknown}
 x - a potion of degeneration {unknown}
 z - a potion of poison {unknown}
 F - a potion of heal wounds {unknown}
 I - 2 potions of magic {unknown}
Books
 D - a book of Power

   Spells                             Type                      Level
   Iskenderun's Mystic Blast          Conjuration                  4
   Venom Bolt                         Conjuration/Poison           5
   Bolt of Magma                      Conjuration/Fire/Earth       5
   Fulminant Prism                    Conjuration/Hexes            5
   Iron Shot                          Conjuration/Earth            6
   Orb of Destruction                 Conjuration                  7
 H - a book of Spatial Translocations

   Spells                             Type                      Level
   Apportation                        Translocation                1
   Portal Projectile                  Translocation                2
   Blink                              Translocation                2
   Shroud of Golubria                 Charms/Translocation         2
   Teleport Other                     Translocation                3
   Passage of Golubria                Translocation                4


   Skills:
 - Level 3.0 Fighting
 * Level 7.4 Axes
 * Level 8.8 Armour
 - Level 4.1 Shields


You had 8 spell levels left.
You didn't know any spells.

Dungeon Overview and Level Annotations

Branches:
Dungeon (6/16)             Temple (1/1) D:4

Altars:
Ashenzari
Dithmengos
Elyvilon
Kikubaaqudgha
Nemelex Xobeh
Okawaru
Sif Muna
Zin
The Shining One


Innate Abilities, Weirdness & Mutations

Your are under a permanent stasis effect.
You can dig through walls and to a lower floor.
Your four strong arms can wield any weapon, most with a shield.
You are susceptible to poison.
You have a pair of large antennae on your head (SInv).
Your body is surrounded by an exoskeleton. (AC +1)


Message History

The hobgoblin barely misses you.
A wight comes into view. It is wielding a glowing long sword.
You hit the hobgoblin.
The hobgoblin is severely wounded.
You block the hobgoblin's attack.
Your shield and plate armour prevent you from hitting the hobgoblin.
The hobgoblin is severely wounded.
You hit the wight.
The wight is lightly damaged.
The hobgoblin hits you but does no damage.
The wight hits you but does no damage.
You are electrocuted!
You hit the wight.
The wight is moderately damaged.
You completely miss the hobgoblin.
The hobgoblin is severely wounded.
You block the hobgoblin's attack.
The wight hits you with a war axe of electrocution.
* * * LOW HITPOINT WARNING * * *
You are electrocuted!
You die...

##I# . . ..# # . #.# #.#
##. ##. #.# #.# ... ...
#.# #.# ###z## #.#
#.####.## ##.....##.#
#.....>.# #$....zg#.#
#.#####.#
#......@#.####.#####.###
....._..........##.......
#.......#....#.##.....##
#....!..#.#.(.)##...<.#
##.....##.#..#........#
###.## #.#..####.....#
... ..#..# #.##### ##
.##... .... .# #.#####.##


You could see 2 wights and a hobgoblin.

Vanquished Creatures
  The ghost of Moksha the Martial Artist, an experienced OpTm of Okawaru (D:5)
  A hippogriff (D:4)
  Menkaure (D:5)
  An ice beast (D:6)
  A giant frog (D:6)
  2 crimson imps (D:5)
  A vampire bat (D:5)
  A giant frog zombie (D:5)
  Crazy Yiuf (D:2)
  A jelly (D:5)
  An iguana (D:4)
  2 worker ants (D:4)
  A hound skeleton (D:5)
  3 gnolls (D:5)
  A steam dragon zombie (D:5)
  6 adders
  An inept feature mimic (D:4)
  2 worms
  A giant gecko (D:4)
  5 orcs
  2 ball pythons (D:2)
  9 bats
  4 bat skeletons (D:5)
  5 bat zombies (D:5)
  15 goblins
  8 hobgoblins
  6 jackals
  4 quokkas
  2 giant cockroaches
  2 giant newts
  8 kobolds
  14 rats
113 creatures vanquished.

Notes
Turn   | Place    | Note
--------------------------------------------------------------
     0 | D:1      | Elizilla, the Formicid Fighter, began the quest for the Orb.
     0 | D:1      | Reached XP level 1. HP: 16/16 MP: 1/1
   157 | D:1      | Reached XP level 2. HP: 21/21 MP: 2/2
   564 | D:1      | Reached XP level 3. HP: 26/26 MP: 3/3
   749 | D:2      | Reached XP level 4. HP: 23/31 MP: 4/4
   889 | D:2      | Noticed Crazy Yiuf
   896 | D:2      | Killed Crazy Yiuf
   896 | D:2      | Reached skill level 4 in Shields
  1017 | D:2      | Reached XP level 5. HP: 32/36 MP: 5/5
  1452 | D:3      | Found a deep blue altar of Sif Muna.
  1890 | D:4      | Found a shattered altar of Ashenzari.
  1997 | D:4      | Found a staircase to the Ecumenical Temple.
  2019 | D:4      | Reached XP level 6. HP: 36/42 MP: 6/6
  2082 | Temple   | Entered the Ecumenical Temple
  2086 | Temple   | Became a worshipper of Warmaster Okawaru
  2246 | D:4      | Got a brightly glowing robe
  2248 | D:4      | Identified the -6 robe "Cero Cogh" {+Blink rC+ Dex+4 Dam+4} (You found it on level 4 of the Dungeon)
  2290 | D:4      | Reached skill level 5 in Armour
  2318 | D:4      | Noticed a hippogriff
  2331 | D:4      | Killed a hippogriff
  2331 | D:4      | Reached skill level 5 in Axes
  2331 | D:4      | Reached XP level 7. HP: 23/46 MP: 7/7
  2463 | D:5      | Entered Level 5 of the Dungeon
  2504 | D:5      | Reached skill level 6 in Armour
  2624 | D:5      | Noticed Menkaure
  2631 | D:5      | Killed Menkaure
  2631 | D:5      | Reached XP level 8. HP: 3/52 MP: 8/8
  2885 | D:5      | Acquired Okawaru's first power
  2885 | D:5      | Reached skill level 7 in Armour
  3209 | D:5      | Noticed Moksha's ghost (experienced OpTm)
  3252 | D:5      | Killed Moksha's ghost
  3252 | D:5      | Reached skill level 8 in Armour
  3275 | D:5      | Found an ancient bone altar of Kikubaaqudgha.
  3303 | D:5      | Reached XP level 9. HP: 20/56 MP: 9/9
  3456 | D:6      | Got a fine dagger
  3476 | D:6      | Identified the +4,+5 dagger of the Vestibule of Hell {stab, *Rage Dex+1} (You found it on level 6 of the Dungeon)
  3479 | D:6      | Found a sparkling altar of Nemelex Xobeh.
  3488 | D:6      | Slain by a wight

Action                   |  1- 3 |  4- 6 |  7- 9 || total
-------------------------+-------+-------+-------++-------
Melee: Hand axe          |    78 |   206 |   206 ||   490
 Fire: Sling             |       |       |     8 ||     8
 Abil: Dig               |     1 |     1 |     1 ||     3
  Use: Scroll            |       |     2 |     2 ||     4
